 Dungeon Sprint DCSS version 0.29-a0-925-g0a7a3d12f8 (webtiles) character file.

Game seed: 4805551318500354032

700 Hipnos the Carver (level 7, 0/64 HPs)
             Began as a Gnoll Chaos Knight on July 29, 2022.
             Was a Plaything of Xom.
             Slain by a wyvern (8 damage)
             ... in the Dungeon (Sprint II: "The Violet Keep of Menkaure").
             The game lasted 00:00:56 (325 turns).

Hipnos the Carver (Gnoll Chaos Knight)               Turns: 325, Time: 00:00:57

Health: 0/64       AC:  6    Str: 11    XL:     7   Next: 65%
Magic:  16/16      EV: 13    Int: 14    God:    Xom [...*..]
Gold:   729        SH:  0    Dex: 11    Spells: 18/18 levels left

rFire   . . .      SeeInvis .   a - +0 falchion (chaos)
rCold   . . .      Faith    .   (no shield)
rNeg    . . .      Spirit   .   b - +2 leather armour
rPois   .          Reflect  .   (no helmet)
rElec   .          Harm     .   (no cloak)
rCorr   .          Rampage  .   (no gloves)
Will    .....      NoTele   +   (no boots)
Stlth   +++.......              (no amulet)
HPRegen 0.20/turn               (no ring)
MPRegen 0.15/turn               (no ring)

@: no status effects
A: fangs 1, strong nose, distributed training
a: Renounce Religion


You were in the Dungeon.
You worshipped Xom.
You were a favourite toy of Xom.
You visited 1 branch You collected 729 gold pieces.

Inventory:

Hand Weapons
 a - a +0 falchion of chaos (weapon)
Armour
 b - a +2 leather armour (worn)
Scrolls
 i - a scroll of blinking
Potions
 d - a potion of curing
 e - a potion of heal wounds
 f - a potion of haste
 g - 2 potions of magic
 h - a potion of berserk rage
Miscellaneous
 c - a piece from Xom's chessboard (15/15) (quivered)


   Skills:
 + Level 9.0 Fighting
 + Level 6.0 Short Blades
 + Level 9.0 Long Blades
 + Level 6.0 Axes
 + Level 6.0 Maces & Flails
 + Level 6.0 Polearms
 + Level 6.0 Staves
 + Level 6.0 Ranged Weapons
 + Level 6.0 Throwing
 + Level 7.6 Armour
 + Level 6.5 Dodging
 + Level 6.0 Stealth
 + Level 6.0 Shields
 + Level 6.0 Unarmed Combat
 + Level 6.0 Spellcasting
 + Level 4.9 Conjurations
 + Level 4.9 Hexes
 + Level 4.9 Summonings
 + Level 4.9 Necromancy
 + Level 4.9 Translocations
 + Level 4.9 Transmutations
 + Level 4.9 Fire Magic
 + Level 4.9 Ice Magic
 + Level 4.9 Air Magic
 + Level 4.9 Earth Magic
 + Level 4.9 Poison Magic
 + Level 6.5 Invocations
 + Level 6.0 Evocations


You had 18 spell levels left.
You didn't know any spells.
Your spell library was empty.

Dungeon Overview and Level Annotations

Branches:
Dungeon (1/1)

Altars:


Innate Abilities, Weirdness & Mutations

You have very sharp teeth.
Your uncanny sense of smell can sniff out nearby items.
Your experience applies equally to all skills.


Message History

Your Shields skill increases to level 6!
Your Unarmed Combat skill increases to level 6!
Your Spellcasting skill increases to level 6!
Your Evocations skill increases to level 6!
You start resting.
Magic restored.
You start resting.
You start resting.
HP restored.
You start waiting.
The walls and floor vibrate strangely for a moment.
You now have 729 gold pieces (gained 243).
There is an open door here.
The wyvern hisses angrily.
The wyvern bites you!
You hit the wyvern.
Space warps horribly around the wyvern!
The wyvern is heavily wounded.
The wyvern bites you!
A shower of butterflies erupts from you!
The wyvern bites you!
You barely miss the wyvern. You punch the wyvern, but do no damage.
You bite the wyvern, but do no damage.
The wyvern is heavily wounded.
The wyvern bites you.
You hit the wyvern but do no damage. You bite the wyvern.
The wyvern is heavily wounded.
The wyvern bites you!
* * * LOW HITPOINT WARNING * * *
You swap places.
The wyvern attacks as you move away! The wyvern misses you.
The wyvern misses your butterfly. The wyvern bites your butterfly!
Your butterfly dies!
Your butterfly disappears in a puff of smoke!
There is an open door here. "Hum-dee-hum-dee-hum..."
The wyvern seems to speed up.
You are now a favourite toy of Xom.
The wyvern bites you but does no damage.
The wyvern bites you!
You die...
Xom snickers!

∆ ## ## ##.
$## ∆ .B B.
### .#. ##
##.###+###.##
#.).##.##...#
∆
+.#.@l<.†.##+
#...##b##...#
##.###'###.##
####.#.# ##
∆∆ #.###.# ∆
##.# ## ∆ ∆
#+ ∆


You could see a wyvern (fast, ally target).

Vanquished Creatures
  A merfolk siren (D)
  A wyvern (D)
  4 necrophages (D)
6 creatures vanquished.

Notes
Turn   | Place    | Note
-------+----------+-------------------------------------------
     0 | D        | Hipnos the Gnoll Chaos Knight began the quest for the Orb.
     0 | D        | Reached XP level 1. HP: 23/23 MP: 1/1
     1 | D        | Noticed a merfolk siren
     9 | D        | Killed a merfolk siren
    10 | D        | Reached skill level 5 in Dodging
    10 | D        | Reached skill level 5 in Invocations
    10 | D        | Reached XP level 2. HP: 23/32 MP: 1/7
    10 | D        | Reached XP level 3. HP: 26/37 MP: 1/9
    10 | D        | Reached XP level 4. HP: 31/44 MP: 1/10
    10 | D        | Reached XP level 5. HP: 35/49 MP: 1/12
    10 | D        | Reached XP level 6. HP: 40/56 MP: 1/13
   101 | D        | Noticed a boulder beetle
   101 | D        | Noticed a boulder beetle
   111 | D        | Reached skill level 5 in Short Blades
   111 | D        | Reached skill level 5 in Axes
   111 | D        | Reached skill level 5 in Maces & Flails
   111 | D        | Reached skill level 5 in Polearms
   111 | D        | Reached skill level 5 in Staves
   111 | D        | Reached skill level 5 in Ranged Weapons
   111 | D        | Reached skill level 5 in Throwing
   111 | D        | Reached skill level 5 in Stealth
   111 | D        | Reached skill level 5 in Shields
   111 | D        | Reached skill level 5 in Unarmed Combat
   111 | D        | Reached skill level 5 in Spellcasting
   111 | D        | Reached skill level 5 in Evocations
   116 | D        | Reached XP level 7. HP: 63/63 MP: 14/14
   182 | D        | Noticed a wyvern
   182 | D        | Noticed a wyvern
   197 | D        | Killed a wyvern
   319 | D        | XOM: butterfly on damage
   323 | D        | XOM: enchant monster (bad)
   325 | D        | Slain by a wyvern

Illustrated notes

Levels and vault maps discovered:
D:        the_violet_keep_of_menkaure [sprint2_stairs_cluster_1,
          sprint2_shoproom, sprint2_temple, sprint2_basic_supplies,
          sprint2_obstacle_6, sprint2_obstacle_2, sprint2_obstacle_4,
          sprint2_obstacle_1, sprint2_obstacle_3, sprint2_timed_cluster_1,
          sprint2_smallroom_cluster_1, sprint2_smallroom_final_cluster_1,
          sprint2_transparent_cluster_1, sprint2_second_timed_cluster_1,
          sprint2_sniper_area_1, sprint2_heavy_combat_area_1,
          sprint2_mutation_trap_area_1, sprint2_forest_area_1,
          sprint2_light_combat_area_1, sprint2_behind_water_1,
          sprint2_near_end_vault_1]

Skill      XL: |  1  2  3  4  5  6  7 |
---------------+----------------------+-----
Fighting       | 8 9 |  9.0
Short Blades   | 4 5 6 |  6.0
Long Blades    | 8 9 |  9.0
Axes           | 4 5 6 |  6.0
Maces & Flails | 4 5 6 |  6.0
Polearms       | 4 5 6 |  6.0
Staves         | 4 5 6 |  6.0
Ranged Weapons | 4 5 6 |  6.0
Throwing       | 4 5 6 |  6.0
Armour         | 6 7 |  7.6
Dodging        | 5 6 |  6.5
Stealth        | 4 5 6 |  6.0
Shields        | 4 5 6 |  6.0
Unarmed Combat | 4 5 6 |  6.0
Spellcasting   | 4 5 6 |  6.0
Conjurations   | 3 4 |  4.9
Hexes          | 3 4 |  4.9
Summonings     | 3 4 |  4.9
Necromancy     | 3 4 |  4.9
Translocations | 3 4 |  4.9
Transmutations | 3 4 |  4.9
Fire Magic     | 3 4 |  4.9
Ice Magic      | 3 4 |  4.9
Air Magic      | 3 4 |  4.9
Earth Magic    | 3 4 |  4.9
Poison Magic   | 3 4 |  4.9
Invocations    | 5 6 |  6.5
Evocations     | 4 5 6 |  6.0

Action                   |  1- 3 |  4- 6 |  7- 9 || total
-------------------------+-------+-------+-------++-------
Melee: Falchion          |     6 |    10 |    34 ||    50
       Bite              |     1 |     1 |     7 ||     9
       Punch             |       |       |     2 ||     2
 Stab: Petrified         |       |       |     2 ||     2
       Petrifying        |       |       |     1 ||     1
       Sleeping          |       |       |     1 ||     1
Armor: Leather armour    |       |       |     5 ||     5
Dodge: Dodged            |     2 |     6 |    17 ||    25

Table legend: (Time is in decaauts)
 A = Elapsed time spent in this place.
 B = Non-inter-level travel time spent in this place.
 C = Inter-level travel time spent in this place.
 D = Time resting spent in this place.
 E = Time spent auto-exploring this place.
 F = Levels seen in this place.
 G = Mean time per level.
                   A        B        C        D        E       F      G
               +--------+--------+--------+--------+--------+-----+--------+
         Total |    319 |    319 |      0 |    237 |      0 |   1 |  319.0 |
       Dungeon |    319 |    319 |      0 |    237 |      0 |   1 |  319.0 |
               +--------+--------+--------+--------+--------+-----+--------+

Top non-repeatable levels by time:
       D: 319 daAuts
